 Dungeon Crawl Stone Soup version 0.30-a0-457-g4b7bca3bfa (webtiles) character file.

Game seed: 13699143882484006856

55 p00ps00p the Trooper (level 3, -5/33 HPs)
             Began as a Hill Orc Fighter on Dec 12, 2022.
             Slain by a gnoll
             ... wielding a +2 flail of protection
              (6 damage)
             ... on level 2 of the Dungeon.
             The game lasted 00:02:49 (600 turns).

p00ps00p the Trooper (Hill Orc Fighter)              Turns: 600, Time: 00:02:50

Health: -5/33      AC: 11    Str: 20    XL:     3   Next: 93%
Magic:  3/3        EV:  5    Int:  8    God:
Gold:   90         SH:  4    Dex: 10    Spells: 2/2 levels left

rFire   . . .      SeeInvis .    a - +0 war axe
rCold   . . .      Faith    .    c - +0 buckler
rNeg    . . .      Spirit   .    d - +0 plate armour
rPois   .          Reflect  .    (no helmet)
rElec   .          Harm     .    (no cloak)
rCorr   .          Rampage  .    (no gloves)
Will    .....                    (no boots)
Stlth   ..........               (no amulet)
HPRegen 0.25/turn                (no ring)
MPRegen 0.08/turn                (no ring)

@: no status effects
A: no striking features
a: no special abilities


You were on level 2 of the Dungeon.
You visited 1 branch of the dungeon, and saw 2 of its levels.

You collected 90 gold pieces.

Inventory:

Hand Weapons
 a - a +0 war axe (weapon)
Armour
 b - a +0 scale mail
 c - a +0 buckler (worn)
 d - a +0 plate armour (worn)
Potions
 e - 2 potions of cancellation


   Skills:
 + Level 4.2 Fighting
 + Level 3.5 Axes
 + Level 3.8 Armour
 + Level 3.8 Shields


You had 2 spell levels left.
You didn't know any spells.
Your spell library was empty.

Dungeon Overview and Level Annotations

Branches:
Dungeon (2/15)

Altars:


Message History

You closely miss the kobold. The kobold hits you but does no damage.
You slash the kobold!
You kill the kobold!
Things that are here:
a +0 short sword; a kobold corpse A gnoll comes into view.
It is wielding a +2 flail of protection.
The gnoll shouts!
You hear a shout!
A gnoll comes into view. It is wielding a +0 halberd.
The gnoll shouts!
A gnoll comes into view. It is wielding a +0 spear.
You block the gnoll's attack.
A gnoll comes into view. It is wielding a +0 whip.
The gnoll shouts!
The gnoll hits you with a +2 flail of protection.
The gnoll hits you from afar with a +0 halberd.
You hit the gnoll.
The gnoll is lightly wounded.
The gnoll hits you but does no damage.
The gnoll hits you from afar with a +0 halberd!
You hit the gnoll but do no damage.
The gnoll is lightly wounded.
The gnoll closely misses you. You block the gnoll's attack.
The gnoll hits you from afar with a +0 spear.
The gnoll hits you but does no damage. x2
You closely miss the gnoll.
The gnoll is lightly wounded.
The gnoll barely misses you. You block the gnoll's attack.
The gnoll hits you from afar with a +0 halberd!
* * * LOW HITPOINT WARNING * * *
You closely miss the gnoll.
The gnoll is lightly wounded.
The gnoll hits you with a +2 flail of protection!
* * * LOW HITPOINT WARNING * * *
The gnoll barely misses you. The gnoll hits you but does no damage.
You closely miss the gnoll. The gnoll completely misses you.
The gnoll hits you from afar with a +0 spear.
* * * LOW HITPOINT WARNING * * *
The gnoll barely misses you. The gnoll hits you but does no damage.
The gnoll hits you with a +2 flail of protection.
You die...

#.........#
#############..†......#
##..............)......##
§§.###########...........
#### #.........#
#.........# ###...##### #
###.##....# .. #.g@#
....# .. ..............#
.. ..###gg###....# ..
...g ...# ..... .##
...#... # #..##.# . #. ..
..


You could see 4 gnolls.

Vanquished Creatures
  2 adders (D:2)
  2 dart slugs (D:1)
  4 ball pythons (D:1)
  6 endoplasms
  2 giant cockroaches (D:1)
  3 goblins (D:1)
  2 hobgoblins (D:1)
  A quokka (D:1)
  2 bats (D:1)
  A frilled lizard (D:1)
  5 kobolds
  3 rats (D:1)
33 creatures vanquished.

Notes
Turn   | Place    | Note
-------+----------+-------------------------------------------
     0 | D:1      | p00ps00p the Hill Orc Fighter began the quest for the Orb.
     0 | D:1      | Reached XP level 1. HP: 19/19 MP: 1/1
    34 | D:1      | Reached XP level 2. HP: 14/27 MP: 2/2
   182 | D:1      | Reached skill level 4 in Fighting
   241 | D:1      | Reached XP level 3. HP: 25/33 MP: 3/3
   599 | D:2      | HP: 1/33 [gnoll/+2 flail of protection (8)]
   600 | D:2      | Slain by a gnoll

Illustrated notes

Levels and vault maps discovered:
D:1:      co_arrival_square_in_a_square_in_a_square, layout_rooms, st_stairs_10,
          grunt_decor_one_mirror
D:2:      layout_rooms, basic_altar, kennysheep_generic_room_12

Skill      XL: |  1  2 |
---------------+-------+-----
Axes           | 3 |  3.5
Fighting       | 4 |  4.2
Armour         | |  3.8
Shields        | |  3.8

Action                   || total
-------------------------++-------
Melee: War axe           ||    60
  Use: Scroll            ||     4
       Potion            ||     1
Armor: Scale mail        ||    20
       Plate armour      ||    13
Dodge: Dodged            ||    33
Block: Buckler           ||    12

Table legend: (Time is in decaauts)
 A = Elapsed time spent in this place.
 B = Non-inter-level travel time spent in this place.
 C = Inter-level travel time spent in this place.
 D = Time resting spent in this place.
 E = Time spent auto-exploring this place.
 F = Levels seen in this place.
 G = Mean time per level.
                   A        B        C        D        E       F      G
               +--------+--------+--------+--------+--------+-----+--------+
         Total |    621 |    618 |      3 |     60 |    326 |   2 |  310.5 |
       Dungeon |    621 |    618 |      3 |     60 |    326 |   2 |  310.5 |
               +--------+--------+--------+--------+--------+-----+--------+

Top non-repeatable levels by time:
     D:1: 534 daAuts
     D:2: 87 daAuts
